 Dungeon Crawl Stone Soup version 0.20.0-10-g0535bb4 (webtiles) character file.

55 MTVSty1e the Skirmisher (level 3, -2/24 HPs)
             Began as a Gargoyle Fighter on June 4, 2017.
             Killed by divine providence
             ... invoked by an orc priest
              (12 damage)
             ... on level 3 of the Dungeon.
             The game lasted 00:02:03 (1530 turns).

MTVSty1e the Skirmisher (Gargoyle Fighter)          Turns: 1530, Time: 00:02:04

Health: -2/24      AC: 10    Str: 20    XL:     3   Next: 93%
Magic:  3/3        EV:  7    Int:  8    God:
Gold:   63         SH: 10    Dex:  9    Spells: 2/2 levels left

rFire    . . .     SeeInvis .   a - +0 war axe
rCold    . . .     Gourm    .   c - +1 shield
rNeg     + . .     Faith    .   b - +0 scale mail
rPois    ∞         Spirit   .   (no helmet)
rElec    +         Reflect  .   i - scarf {cloud immunity}
rCorr    .         Harm     .   (no gloves)
MR       .....                  (no boots)
Stlth    ..........             (no amulet)
Regen    0.1/turn               m - ring of loudness (curse)
MPRegen  0.1/turn               (no ring)

@: no status effects
A: negative energy resistance 1, electricity resistance, unbreathing,
petrification resistance, rot immunity, AC +3
a: no special abilities


You were on level 3 of the Dungeon.
You were not hungry.

You visited 1 branch of the dungeon, and saw 3 of its levels.

You collected 63 gold pieces.

Inventory:

Hand Weapons
 a - a +0 war axe (weapon)
Armour
 b - a +0 scale mail (worn)
 c - a +1 shield (worn)
 i - a scarf of cloud immunity (worn)
Jewellery
 m - a cursed ring of loudness (left hand)
Scrolls
 e - a scroll of amnesia
 l - a scroll of identify
Potions
 d - 2 potions of might
 g - a potion of haste
 h - a potion of degeneration {unknown}
 k - a potion of curing {unknown}
 o - a potion of heal wounds {unknown}
Comestibles
 f - 3 bread rations
 j - 2 royal jellies
 n - a meat ration


   Skills:
 + Level 4.1 Fighting
 * Level 3.1 Axes
 - Level 3.2 Armour
 - Level 3.2 Shields


You had 2 spell levels left.
You didn't know any spells.

Dungeon Overview and Level Annotations

Branches:
Dungeon (3/15)

Altars:

Annotations:
D:3 Terence


Innate Abilities, Weirdness & Mutations

You are resistant to torment.
Your stone body is resilient. (AC +3)
You are immune to poison.
You resist negative energy. (rN+)
You are resistant to electric shocks. (rElec)
You can survive without breathing.
You are immune to petrification.
You are immune to rotting.


Message History

Terence hits you with a falchion of protection.
An orc priest comes into view. It is wielding a short sword.
There are monsters nearby!
The orc priest shouts!
You hit Terence but do no damage. You block Terence's attack.
You barely miss Terence. You closely miss the goblin.
Terence hits you but does no damage. You block the goblin's attack.
Terence barely misses you.
An orc and an orc priest come into view.
The orc priest shouts!
You hit Terence but do no damage. You closely miss the goblin.
You block the goblin's attack. You block Terence's attack.
The orc priest invokes the aid of Beogh against you.
Beogh smites you!
Ouch! That really hurt!
You are too injured to fight recklessly!
The orc priest calls down the wrath of Beogh upon you.
Beogh smites you!
Ouch! That really hurt!
You die...

............#
............#...# ..
............#...# .
..........(.....# .#
......#.........####.## #
##.......#.##...........
###..#.........#?..#.#..
#.....#...............%
#.#..#######..@g@o.#
#.#.....#.....)...w....
......................oo.
......#######............
###..## #..#.......)..
.... ...............
###.. .......##........
#.. ......#####.......#
...... .....


You could see Terence, a worm, 2 orc priests, an orc and a goblin.

Vanquished Creatures
  2 adders
  2 dart slugs
  2 worms
  4 goblins (D:1)
  6 hobgoblins
  A ball python (D:2)
  3 bats (D:1)
  4 frilled lizards (D:2)
  3 kobolds
  3 rats
30 creatures vanquished.

Notes
Turn   | Place    | Note
-------+----------+-------------------------------------------
     0 | D:1      | MTVSty1e the Gargoyle Fighter began the quest for the Orb.
     0 | D:1      | Reached XP level 1. HP: 14/14 MP: 1/1
   164 | D:1      | Reached XP level 2. HP: 19/19 MP: 2/2
   807 | D:2      | Reached XP level 3. HP: 18/24 MP: 3/3
  1232 | D:2      | Reached skill level 4 in Fighting
  1523 | D:3      | Noticed Terence
  1530 | D:3      | Killed from afar by an orc priest

Skill      XL: |  1  2  3 |
---------------+----------+-----
Axes           | 2 3 |  3.1
Fighting       | 4 |  4.1
Armour         | |  3.2
Shields        | |  3.2

Action                   || total
-------------------------++-------
Melee: War axe           ||   135
  Use: Scroll            ||     6
  Eat: Chunk             ||     2
Armor: Scale mail        ||    74
Dodge: Dodged            ||    49
Block: Shield            ||    69
